 Dungeon Crawl Stone Soup version 0.24.0-123-gd5b16e6ec5 (webtiles) character file.

Game seed: 11778163702089821482, levelgen mode: deterministic

936 Johnny the Digger (level 7, -3/50 HPs)
             Began as a Demigod Earth Elementalist on Jan 30, 2020.
             Shot with an arrow by a centaur (10 damage)
             ... on level 5 of the Dungeon.
             The game lasted 00:04:49 (3849 turns).

Johnny the Digger (Demigod Earth Elementalist)      Turns: 3849, Time: 00:04:50

Health: -3/50      AC:  5    Str: 11    XL:     7   Next: 56%
Magic:  6/18       EV: 12    Int: 23    God:
Gold:   216        SH:  0    Dex: 16    Spells: 4/17 levels left

rFire    . . .     SeeInvis .   (no weapon)
rCold    . . .     Gourm    .   (no shield)
rNeg     . . .     Faith    .   c - +0 robe
rPois    .         Spirit   .   v - +2 helmet
rElec    .         Reflect  .   (no cloak)
rCorr    .         Harm     .   (no gloves)
MR       .....                  (no boots)
Stlth    +++.......             (no amulet)
HPRegen  0.16/turn              u - ring of stealth
MPRegen  0.16/turn              s - ring of wizardry

@: no status effects
A: high mp 1
a: no special abilities


You were on level 5 of the Dungeon.
You were not hungry.

You visited 1 branch of the dungeon, and saw 5 of its levels.

You collected 216 gold pieces.

Inventory:

Missiles
 k - 32 stones (quivered)
Armour
 c - a +0 robe (worn)
 v - a +2 helmet (worn)
Jewellery
 s - a ring of wizardry (right hand)
 u - a ring of stealth (left hand)
Wands
 r - a wand of acid (5)
 y - a wand of disintegration (15)
Scrolls
 b - a scroll of magic mapping {unknown}
 e - 2 scrolls of blinking {unknown}
 f - a scroll of fog {unknown}
 h - 5 scrolls of remove curse
 i - 2 scrolls of teleportation {unknown}
 j - 2 scrolls of identify {unknown}
 l - 2 scrolls of enchant weapon {unknown}
 p - a scroll of fear {unknown}
 t - a scroll of enchant armour {unknown}
Potions
 a - a potion of heal wounds {unknown}
 g - 4 potions of ambrosia {unknown}
 m - 2 potions of mutation {unknown}
 n - 3 potions of curing
 o - a potion of lignification {unknown}
 q - a potion of berserk rage {unknown}
 w - a potion of flight {unknown}
Comestibles
 d - 8 rations
 x - 4 chunks of flesh


   Skills:
 - Level 1.7 Dodging
 - Level 1.7 Stealth
 + Level 5.5 Spellcasting
 - Level 0.8 Transmutations
 + Level 6.4 Earth Magic


You had 4 spell levels left.
You knew the following spells:

 Your Spells              Type           Power        Failure   Level  Hunger
a - Sandblast             Erth           #####.       1%          1    None
b - Stone Arrow           Conj/Erth      ###...       2%          3    ##.....
c - Lee's Rapid Deconstr  Erth           #####.....   7%          5    #####..
d - Petrify               Tmut/Erth      ###.....     9%          4    ####...

Your spell library contained the following spells:

 Spells                   Type           Power        Failure   Level  Hunger
 Passwall                 Tmut/Erth      ###.....     1%          2    None
 Confusing Touch          Hex            #.....       3%          1    None
 Confuse                  Hex            #.......     11%         3    ##.....
 Gell's Gravitas          Tloc           #.........   11%         3    ##.....
 Yara's Violent Unravell  Hex/Tmut       #.........   61%         5    #####..
 Metabolic Englaciation   Hex/Ice        #.........   65%         5    #####..


Dungeon Overview and Level Annotations

Branches:
Dungeon (5/15)
 Temple: D:4-7


Innate Abilities, Weirdness & Mutations

You have an increased reservoir of magic. (+10% MP)


Message History

A centaur comes into view.
Casting: Stone Arrow (safe; 3% risk of failure)
Confirm with . or Enter, or press ? or * to list all spells.
Aiming: Stone Arrow (safe; 3% risk of failure)
Press: ? - help, Shift-Dir - straight line, f/p - centaur
Aim: a centaur, wielding a +0 shortbow (almost dead)
The stone arrow misses the centaur.
The centaur shoots an arrow.
The arrow hits you!
The centaur wields a +0 shortbow.
The centaur shoots an arrow.
The arrow completely misses you.
The centaur shoots an arrow.
The arrow hits you!
* * * LOW HITPOINT WARNING * * *
Casting: Stone Arrow (safe; 3% risk of failure)
Confirm with . or Enter, or press ? or * to list all spells.
Aiming: Stone Arrow (safe; 3% risk of failure)
Press: ? - help, Shift-Dir - straight line, f/p - centaur
Aim: a centaur, wielding a +0 shortbow (almost dead)
The stone arrow hits the centaur!
You kill the centaur!
The centaur shoots an arrow.
The arrow hits you!
You die...

###########
#########.........###
........(.###........
#######.................
<.......................
######.########........
#......(....# #.###.)..
#.####@####.# #[# #..##
#.....# #.# #....
#.....# #.# #..##
.)c##### #.# ##.## #...
... .... ### #.# #.##
#.# #.# #.#


You could see a centaur.

Vanquished Creatures
  Sigmund (D:2)
  A phantom (D:5)
  An ogre (D:4)
  2 centaurs
  A centaur zombie (D:4)
  3 orc priests
  2 worker ants (D:4)
  An iguana (D:4)
  2 orc wizards (D:4)
  7 adders
  A howler monkey skeleton (D:5)
  An ooze (D:1)
  6 worms
  3 dart slugs
  4 leopard geckos
  11 orcs
  2 ball pythons
  6 bats
  3 giant cockroaches
  5 goblins
  8 hobgoblins
  8 jackals (D:2)
  4 quokkas
  4 frilled lizards
  9 kobolds
  3 rats
99 creatures vanquished.

Vanquished Creatures (others)
  A fungus (D:4)
1 creature vanquished.

Grand Total: 100 creatures vanquished

Notes
Turn   | Place    | Note
-------+----------+-------------------------------------------
     0 | D:1      | Johnny the Demigod Earth Elementalist began the quest for
                  | the Orb.
     0 | D:1      | Reached XP level 1. HP: 14/14 MP: 5/5
   489 | D:1      | Reached skill level 3 in Earth Magic
   608 | D:1      | Reached XP level 2. HP: 13/20 MP: 5/7
   890 | D:2      | Reached XP level 3. HP: 14/26 MP: 6/9
  1024 | D:2      | Noticed Sigmund
  1039 | D:2      | Killed Sigmund
  1039 | D:2      | Reached skill level 4 in Earth Magic
  1039 | D:2      | Reached XP level 4. HP: 19/33 MP: 2/12
  1039 | D:2      | Reached XP level 5. HP: 22/38 MP: 2/13
  1196 | D:2      | Found a bloodstained altar of Trog.
  1697 | D:3      | Learned a level 3 spell: Stone Arrow
  2192 | D:3      | Reached XP level 6. HP: 21/45 MP: 0/15
  2361 | D:3      | Learned a level 5 spell: Lee's Rapid Deconstruction
  2366 | D:3      | Learned a level 4 spell: Petrify
  2383 | D:3      | Reached skill level 5 in Earth Magic
  2625 | D:3      | Found a faded altar of an unknown god.
  2978 | D:4      | Found a blossoming altar of Fedhas.
  3266 | D:4      | Found an ornate altar of the Wu Jian Council.
  3361 | D:5      | Entered Level 5 of the Dungeon
  3365 | D:5      | Reached skill level 5 in Spellcasting
  3365 | D:5      | Reached XP level 7. HP: 27/50 MP: 1/17
  3484 | D:4      | Reached skill level 6 in Earth Magic
  3849 | D:5      | Shot with an arrow by a centaur

Levels and vault maps discovered:
D:1:      scummos_arrival_hexagon, layout_loops_corners, minmay_misc_feat_iff
D:2:      layout_loops_ring, bloody_trog, uniq_sigmund
D:3:      layout_loops_corners, chequers_ecumenical_altar_lobes,
          kennysheep_generic_room_10
D:4:      layout_rooms, lemuel_doored_altar, fedhas_altar_3
D:5:      layout_basic, first_ration, gammafunk_ghost_icy,
          lightli_church_of_beogh

Skill      XL: |  1  2  3  4  5  6  7 |
---------------+----------------------+-----
Spellcasting   | 2 3 4 5 |  5.5
Earth Magic    | 3 4 5 6 |  6.4
Dodging        | |  1.7
Stealth        | |  1.7
Transmutations | |  0.8

Action                   |  1- 3 |  4- 6 |  7- 9 || total
-------------------------+-------+-------+-------++-------
Melee: Unarmed           |     4 |    36 |     8 ||    48
Throw: Stone             |       |     1 |       ||     1
 Cast: Sandblast         |    27 |    59 |    14 ||   100
       Stone Arrow       |       |    36 |    13 ||    49
       Lee's Rapid Decon |       |     5 |       ||     5
Evoke: Wand              |       |     2 |     1 ||     3
  Use: Potion            |     1 |       |       ||     1
       Scroll            |       |     1 |       ||     1
 Stab: Sleeping          |       |     1 |       ||     1
  Eat: Chunk             |       |    10 |     3 ||    13
Armor: Robe              |     1 |    24 |     5 ||    30
Dodge: Dodged            |    14 |    89 |     9 ||   112
